 Dungeon Crawl Stone Soup version 0.32-a0-931-g5a2cda0630 (webtiles) character file.

Game seed: 378303979293085016

83 Biggs the Magician (level 4, 0/31 HPs)
             Began as a Djinni Conjurer on Apr 13, 2024.
             Slain by an iguana (6 damage)
             ... on level 4 of the Dungeon.
             The game lasted 00:06:54 (1044 turns).

Biggs the Magician (Djinni Conjurer)                Turns: 1044, Time: 00:06:54

Health: 0/31       AC:  6    Str:  6    XL:     4   Next: 71%
Gold:   192        EV: 10    Int: 22    God:
                   SH:  0    Dex: 11

rFire   + + .        (no weapon)
rCold   x . .        (no shield)
rNeg    . . .        d - +3 leather armour
rPois   ∞            (no helmet)
rElec   .            (no cloak)
rCorr   .            (no gloves)
SInv    .            (boots unavailable)
Will    .....        c - amulet of regeneration
Stlth   +            (no ring)
HPRegen 1.05/turn    (no ring)

%: infuse magic (-1 HP)
@: flying
A: sickness immunity, fire resistance 2, cold vulnerability 1, float, innate
caster, HP casting, extra vitality 1
a: no special abilities


You were on level 4 of the Dungeon.
You visited 1 branch of the dungeon, and saw 4 of its levels.

You collected 192 gold pieces.

Inventory:

Armour
 a - a +0 robe
 d - a +3 leather armour (worn)
 m - a +0 kite shield
Jewellery
 c - an amulet of regeneration (around neck)
Wands
 h - a wand of digging (7)
Scrolls
 b - 4 scrolls of poison {unknown}
 f - 3 scrolls of identify {unknown}
 i - a scroll of amnesia {unknown}
 k - a scroll of teleportation {unknown}
Potions
 e - 2 potions of curing {unknown}
 g - a potion of haste {unknown}
 j - 2 potions of lignification {unknown}
 l - a potion of heal wounds {unknown}


   Skills:
 - Level 2.1 Dodging
 - Level 1.5 Stealth
 + Level 4.8 Spellcasting
 + Level 4.8 Conjurations
 + Level 4.8 Hexes
 + Level 4.8 Summonings
 + Level 4.8 Necromancy
 + Level 4.8 Translocations
 + Level 4.8 Fire Magic
 + Level 4.8 Ice Magic
 + Level 4.8 Air Magic
 + Level 4.8 Earth Magic
 + Level 4.8 Alchemy


You knew the following spells:

 Your Spells              Type           Power      Damage    Failure   Level
a - Magic Dart            Conj           100%       1d8       2%          1
b - Searing Ray           Conj           52%        2d6       3%          2
c - Fulminant Prism       Conj/Alch      13%        3d8       22%         4
d - Iskenderun's Mystic Conj/Tloc 26%            2d7        (+2d3     22%         4
e - Slow                  Hex            100%       N/A       2%          1
Your spell library was empty.

Dungeon Overview and Level Annotations

Branches:
Dungeon (4/15)
 Temple: D:4-7

Altars:


Innate Abilities, Weirdness & Mutations

You are immune to sickness and miasma.
You are immune to poison.
Your flesh is very heat resistant. (rF++)
You are vulnerable to cold. (rC-)
You float through the air rather than walking.
You learn spells naturally, not from books.
Your magical power is your life essence.
You have superior vitality. (+4 MHP)


Message History

The iguana is moderately wounded.
The searing ray hits the iguana!
The iguana is severely wounded.
The searing ray hits the iguana.
The iguana is severely wounded.
You finish channelling your searing ray.
The gnoll shouts!
The iguana bites you!
Unknown command.
Unknown command.
Casting: Searing Ray (safe; 3% risk of failure)
Confirm with . or Enter, or press ? or * to list all spells.
Aiming: Searing Ray (safe; 3% risk of failure)
Press: ? - help, Shift-Dir - straight line, f/p - iguana
Aim: an iguana (severely wounded, 82% to hit)
The searing ray hits the iguana.
The iguana is almost dead. (Press . to maintain the ray.)
The iguana bites you!
Unknown command.
Casting: Searing Ray (safe; 3% risk of failure)
Confirm with . or Enter, or press ? or * to list all spells.
Okay, then.
Unknown command.
The searing ray hits the iguana but does no damage.
The iguana is almost dead.
A scorpion comes into view.
The iguana bites you!
* * * LOW HITPOINT WARNING * * *
Unknown command.
Unknown command.
The searing ray misses the iguana.
* * * LOW HITPOINT WARNING * * *
The iguana barely misses you.
Unknown command.
Unknown command.
Unknown command.
Okay, then.
The iguana attacks as it pursues you! The iguana bites you.
You die...

#.#######
#........
#.#######
#........
#.######.
>### #.#
.....## #.#
..s..g.####.#
#...l@...#
#...######
#.....
#......
#......
#...)..
#......
###/...


You could see a scorpion, an iguana and a gnoll.

Vanquished Creatures
  An adder (D:3)
  3 gnolls
  A dart slug (D:3)
  A ribbon worm (D:3)
  An orc (D:3)
  3 ball pythons
  3 endoplasms
  4 giant cockroaches
  3 goblins
  4 hobgoblins
  5 kobolds
  5 bats
  3 frilled lizards
  4 rats
41 creatures vanquished.

Notes
Turn   | Place    | Note
-------+----------+-------------------------------------------
     0 | D:1      | Biggs the Djinni Conjurer began the quest for the Orb.
     0 | D:1      | Biggs set off with the following spells memorised: Magic
                  | Dart, Searing Ray, Fulminant Prism, Iskenderun's Mystic
                  | Blast.
     0 | D:1      | Reached XP level 1. HP: 15/15 MP: 0/0
    22 | D:1      | Reached XP level 2. HP: 6/21 MP: 0/0
   282 | D:1      | Found a faded altar of an unknown god.
   319 | D:1      | Reached XP level 3. HP: 21/25 MP: 0/0
   319 | D:1      | Learned a level 1 spell: Slow
   732 | D:3      | Reached XP level 4. HP: 29/31 MP: 0/0
  1042 | D:4      | Noticed a scorpion
  1044 | D:4      | Slain by an iguana

Illustrated notes

Levels and vault maps discovered:
D:1:      sevenhm_arrival_forest_fort_small_3, layout_basic,
          nicolae_ecumenical_lake_church
D:2:      layout_basic
D:3:      layout_rooms, serial_shops, nicolae_shop_rolling_square
D:4:      layout_loops_ring, portal_sewer_entry_e

Skill      XL: |  1  2 |
---------------+-------+-----
Spellcasting   | 4 |  4.8
Conjurations   | 4 |  4.8
Hexes          | 4 |  4.8
Summonings     | 4 |  4.8
Necromancy     | 4 |  4.8
Translocations | 4 |  4.8
Fire Magic     | 4 |  4.8
Ice Magic      | 4 |  4.8
Air Magic      | 4 |  4.8
Earth Magic    | 4 |  4.8
Alchemy        | 4 |  4.8
Dodging        | |  2.1
Stealth        | |  1.5

Action                     |  1- 3 |  4- 6 || total
---------------------------+-------+-------++-------
  Melee: Unarmed           |     2 |       ||     2
   Cast: Magic Dart        |    44 |     8 ||    52
         Searing Ray       |     8 |     9 ||    17
 Armour: Robe              |    10 |       ||    10
         Leather armour    |     5 |     4 ||     9
  Dodge: Dodged            |    11 |     3 ||    14

Table legend: (Time is in decaauts)
 A = Elapsed time spent in this place.
 B = Non-inter-level travel time spent in this place.
 C = Inter-level travel time spent in this place.
 D = Time resting spent in this place.
 E = Time spent auto-exploring this place.
 F = Levels seen in this place.
 G = Mean time per level.
                   A        B        C        D        E       F      G
               +--------+--------+--------+--------+--------+-----+--------+
         Total |   1043 |   1043 |      0 |     57 |      0 |   4 |  260.8 |
       Dungeon |   1043 |   1043 |      0 |     57 |      0 |   4 |  260.8 |
               +--------+--------+--------+--------+--------+-----+--------+

Top non-repeatable levels by time:
     D:1: 464 daAuts
     D:3: 235 daAuts
     D:2: 216 daAuts
     D:4: 126 daAuts
